 Dungeon Crawl Stone Soup version 0.30-a0-782-ge64f9170bb (webtiles) character file.

Game seed: 1114799568513849246

10219 funkygono the Basher (level 11, 0/71 HPs)
             Began as a Gargoyle Fighter on Mar 8, 2023.
             Was a Believer of the Shining One.
             Slain by a tengu warrior
             ... wielding a +0 dire flail
              (3 damage)
             ... on level 9 of the Dungeon.
             The game lasted 00:19:14 (9345 turns).

funkygono the Basher (Gargoyle Fighter)             Turns: 9345, Time: 00:19:15

Health: 0/71       AC: 31    Str: 24    XL:     11   Next: 58%
Magic:  12/12      EV:  6    Int: 15    God:    the Shining One [**....]
Gold:   613        SH:  9    Dex:  9    Spells: 10/10 levels left

rFire   . . .      SeeInvis .    a - +4 flail
rCold   . . .      Faith    .    M - +0 kite shield
rNeg    + + +      Spirit   .    k - +0 plate armour
rPois   ∞          Reflect  .    H - +1 helmet
rElec   +          Harm     .    B - +2 cloak {rPois}
rCorr   .          Rampage  .    x - +1 pair of gloves
Will    .....                    f - +0 pair of boots Stlth
                                 F - amulet of the acrobat
HPRegen 0.31/turn                o - +6 ring of intelligence
MPRegen 0.13/turn                r - ring of positive energy

@: glowing
A: sickness immunity, AC +8, negative energy resistance 1, electricity
resistance, torment resistance 1, petrification resistance
a: Renounce Religion, Divine Shield


You were on level 9 of the Dungeon.
You worshipped the Shining One.
The Shining One was pleased with you.
You visited 2 branches of the dungeon, and saw 10 of its levels.

You collected 613 gold pieces.

Inventory:

Hand Weapons
 a - a +4 flail (weapon)
 A - a +4 quarterstaff of chaos
 L - a +2 mace of venom
Missiles
 u - 15 poisoned darts
 D - 6 boomerangs (quivered)
Armour
 b - a +0 scale mail
 d - +0 steam dragon scales
 f - a +0 pair of boots (worn)
 k - a +0 plate armour (worn)
 x - a +1 pair of gloves (worn)
 B - a +2 cloak of poison resistance (worn)
 H - a +1 helmet (worn)
 M - a +0 kite shield (worn)
Jewellery
 o - a +6 ring of intelligence (left hand)
 r - a ring of positive energy (right hand)
 F - an amulet of the acrobat (around neck)
Wands
 m - a wand of digging (7)
 w - a wand of polymorph (15)
 y - a wand of flame (16)
 C - a wand of mindburst (15)
Scrolls
 c - a scroll of identify
 e - 6 scrolls of teleportation
 g - 3 scrolls of immolation
 h - 2 scrolls of blinking
 j - a scroll of amnesia
 s - a scroll of silence
 K - a scroll of fog
 N - 3 scrolls of vulnerability {unknown}
Potions
 i - 3 potions of flight
 n - 9 potions of curing
 p - a potion of brilliance
 q - 2 potions of magic
 t - a potion of invisibility
 v - 2 potions of mutation
 z - 3 potions of resistance
 E - a potion of attraction {unknown}
 G - a potion of lignification {unknown}
 I - 3 potions of haste
 J - a potion of ambrosia {unknown}


   Skills:
 + Level 9.0 Fighting
 + Level 12.5 Maces & Flails
 + Level 2.6 Throwing
 + Level 9.0 Armour
 + Level 1.0 Dodging
 + Level 0.8 Stealth
 + Level 7.5 Shields
 + Level 1.5 Invocations
 + Level 0.2 Evocations


You had 10 spell levels left.
You didn't know any spells.
Your spell library contained the following spells:

 Spells                   Type           Power      Damage    Failure   Level
 Necrotise                Necr           0%         1d4       100%        1
 Ensorcelled Hibernation  Hex/Ice        0%         N/A       100%        2
 Passwall                 Tmut/Erth      0%         N/A       100%        2
 Hailstorm                Conj/Ice       0%         3d3       100%        3
 Inner Flame              Hex/Fire       0%         N/A       100%        3
 Swiftness                Air            0%         N/A       100%        3
 Vampiric Draining        Necr           0%         2d6       100%        3
 Flame Wave               Conj/Fire      0%         2d4       100%        4
 Ice Form                 Ice/Tmut       0%         N/A       100%        4
 Sticky Flame             Conj/Fire      0%         2d3       100%        4
 Agony                    Necr           0%         N/A       100%        5
 Simulacrum               Ice/Necr       0%         N/A       100%        6


Dungeon Overview and Level Annotations

Branches:
Dungeon (9/15)             Temple (1/1) D:4
   Lair: D:8-11         Orc: D:9-12

Altars:
Ashenzari
Cheibriados
Dithmenos
Elyvilon
Fedhas
Gozag
Hepliaklqana
Kikubaaqudgha
Makhleb
Nemelex Xobeh
Okawaru
Qazlal
Ru
Sif Muna
Uskayaw
Vehumet
Wu Jian
Yredelemnul
The Shining One

Shops:
D:4 [


Innate Abilities, Weirdness & Mutations

You are immune to sickness and miasma.
Your stone body is resilient. (AC +8)
You are immune to poison.
You resist negative energy. (rN+)
You are resistant to electric shocks. (rElec)
You are resistant to unholy torment.
You are immune to petrification.


Message History

The tengu warrior hits you but does no damage.
The tengu warrior pecks you but does no damage.
The tengu warrior claws you but does no damage.
You closely miss the tengu warrior.
The tengu warrior is moderately wounded.
The boulder beetle leaps!
The tengu warrior hits you with a +0 dire flail.
* * * LOW HITPOINT WARNING * * *
The tengu warrior pecks you but does no damage.
The tengu warrior barely misses you.
You miss the tengu warrior.
The tengu warrior is moderately wounded.
The tengu warrior hits you but does no damage.
The tengu warrior pecks you but does no damage.
The tengu warrior closely misses you.
You bludgeon the tengu warrior!!
The tengu warrior is severely wounded.
You closely miss the tengu warrior.
The tengu warrior is severely wounded.
The tengu warrior hits you with a +0 dire flail!
* * * LOW HITPOINT WARNING * * *
The tengu warrior pecks you but does no damage.
The tengu warrior claws you but does no damage.
You miss the tengu warrior.
The tengu warrior is severely wounded.
You block the tengu warrior's attack.
The tengu warrior pecks you but does no damage.
The tengu warrior claws you but does no damage.
You sock the tengu warrior!
The tengu warrior is almost dead.
You block the tengu warrior's attack.
The tengu warrior pecks you but does no damage.
The tengu warrior claws you but does no damage.
You hit the tengu warrior.
The tengu warrior is almost dead.
The tengu warrior barely misses you. x2; You block the tengu warrior's attack.
You barely miss the tengu warrior.
The tengu warrior is almost dead.
The tengu warrior hits you with a +0 dire flail.
You die...

.....#####....#######.# #...#
.....# #....# #.# ###.# ######
###### #.# #.# ....#### #.# #.#
.).....# #.# #.#
.......##############.########.#
..........##..........[........##
####......##.########.#####.....#
#...)..##oYYQ@.))............# #
#....)...9Y#######.#####.....#
#########...).# #####.### #.....#
....#####.)...# #.......# #.....#
.....))##.....# #.###.#.# ##....#
....##).......# #.# #.#.# ####.#
......).....### #.###.#.# #.#
...§.........####.#.....# #.#
...............##.#.#.#.#######.#


You could see a tengu warrior, 3 yaks, a gargoyle and an orc.

Vanquished Creatures
  A hydra (D:9)
  A centaur warrior (D:9)
  A catoblepas (D:9)
  A boulder beetle (D:7)
  A soul eater (D:9)
  A cyclops (D:8)
  A rime drake (shapeshifter) (D:9)
  Psyche (D:7)
  A hornet (D:9)
  A wyvern (D:8)
  4 yaks
  A steam dragon (D:8)
  Duvessa (D:4)
  2 orc warriors (D:8)
  2 ice beasts (D:7)
  2 sky beasts (D:6)
  11 ogres
  A centaur (D:5)
  A phantom (D:6)
  3 kobold brigands
  5 bullfrogs
  6 scorpions
  2 necrophages (D:5)
  4 gnoll sergeants (D:8)
  Dowan (D:4)
  4 killer bees (D:9)
  9 howler monkeys
  A quasit (D:9)
  2 gnoll boudas (D:8)
  2 jellies
  15 orc priests
  10 hounds
  Crazy Yiuf (D:3)
  Ijyb (D:4)
  Natasha (thrice) (D:3)
  9 orc wizards
  3 iguanas (D:5)
  8 gnolls
  11 adders
  2 white imps (D:5)
  2 ufetubi
  2 worms
  5 dart slugs
  39 orcs
  6 endoplasms
  4 giant cockroaches
  9 hobgoblins
  11 kobolds
  3 quokkas
  14 ball pythons
  7 bats
  3 frilled lizards
  10 goblins
  5 rats
257 creatures vanquished.

Vanquished Creatures (others)
  A yak (D:9)
  2 plants (D:8)
3 creatures vanquished.

Grand Total: 260 creatures vanquished

Notes
Turn   | Place    | Note
-------+----------+-------------------------------------------
     0 | D:1      | funkygono the Gargoyle Fighter began the quest for the Orb.
     0 | D:1      | Reached XP level 1. HP: 14/14 MP: 1/1
   151 | D:1      | Reached XP level 2. HP: 17/19 MP: 2/2
   393 | D:1      | Reached XP level 3. HP: 23/23 MP: 3/3
  1022 | D:2      | Reached XP level 4. HP: 27/29 MP: 4/4
  1144 | D:2      | Reached skill level 3 in Maces & Flails
  1281 | D:2      | Found an opulent altar of Gozag.
  1659 | D:2      | Found a faded altar of an unknown god.
  1838 | D:3      | Noticed Natasha
  1848 | D:3      | Killed Natasha
  1849 | D:3      | Reached XP level 5. HP: 22/33 MP: 5/5
  2223 | D:3      | Found a runed translucent door.
  2224 | D:3      | Noticed Crazy Yiuf
  2235 | D:3      | Noticed Natasha
  2241 | D:3      | Killed Natasha
  2395 | D:3      | Noticed Natasha
  2404 | D:3      | Killed Natasha
  2864 | D:3      | Killed Crazy Yiuf
  2865 | D:3      | Reached skill level 4 in Maces & Flails
  2865 | D:3      | Reached XP level 6. HP: 29/38 MP: 6/6
  3093 | D:4      | Found a staircase to the Ecumenical Temple.
  3102 | Temple   | Entered the Ecumenical Temple
  3270 | Temple   | Became a worshipper of the Shining One
  3515 | D:4      | Noticed Ijyb
  3516 | D:4      | Noticed Duvessa
  3516 | D:4      | Noticed Dowan
  3522 | D:4      | Killed Ijyb
  3536 | D:4      | Killed Dowan
  3537 | D:4      | Reached skill level 5 in Armour
  3537 | D:4      | Reached XP level 7. HP: 36/44 MP: 7/7
  3544 | D:4      | Killed Duvessa
  3545 | D:4      | Reached skill level 5 in Fighting
  3545 | D:4      | Reached skill level 5 in Maces & Flails
  3651 | D:4      | Found Jigonyux's Armour Boutique.
  4026 | D:5      | Entered Level 5 of the Dungeon
  4284 | D:5      | Reached skill level 6 in Maces & Flails
  4288 | D:5      | Reached XP level 8. HP: 36/49 MP: 8/8
  4406 | D:5      | Found a hide-covered altar of Uskayaw.
  4472 | D:5      | Found a basalt altar of Yredelemnul.
  4569 | D:5      | Reached skill level 1 in Throwing
  4611 | D:5      | Found a shimmering blue altar of Sif Muna.
  4657 | D:5      | Found a blossoming altar of Fedhas.
  4841 | D:5      | Reached * piety under the Shining One
  4994 | D:6      | Reached skill level 7 in Maces & Flails
  5024 | D:6      | Reached skill level 5 in Shields
  5189 | D:6      | Reached XP level 9. HP: 50/55 MP: 9/9
  5293 | D:6      | Found a sparkling altar of Nemelex Xobeh.
  5663 | D:7      | Reached skill level 8 in Maces & Flails
  5773 | D:7      | Noticed a boulder beetle
  5849 | D:7      | Killed a boulder beetle
  5850 | D:7      | Reached skill level 9 in Maces & Flails
  6196 | D:7      | Found an opulent altar of Gozag.
  6264 | D:7      | Reached skill level 1 in Invocations
  6398 | D:7      | Found a stormy altar of Qazlal.
  6708 | D:8      | Reached XP level 10. HP: 56/61 MP: 10/10
  6865 | D:8      | Noticed Psyche
  6868 | D:8      | Reached skill level 10 in Maces & Flails
  6881 | D:7      | Killed Psyche
  7443 | D:8      | Reached ** piety under the Shining One
  7666 | D:7      | Reached skill level 11 in Maces & Flails
  8041 | D:8      | Noticed a cyclops
  8049 | D:8      | Killed a cyclops
  8050 | D:8      | Reached skill level 1 in Dodging
  8050 | D:8      | Reached XP level 11. HP: 69/69 MP: 11/11
  8421 | D:9      | Noticed a soul eater
  8480 | D:9      | Killed a soul eater
  9025 | D:9      | Noticed a boulder beetle
  9027 | D:9      | Noticed a catoblepas
  9030 | D:9      | Reached skill level 12 in Maces & Flails
  9268 | D:9      | Noticed a centaur warrior
  9278 | D:9      | Killed a centaur warrior
  9280 | D:9      | Noticed a salamander
  9288 | D:9      | Noticed a tengu warrior
  9296 | D:9      | Noticed a four-headed hydra
  9320 | D:9      | Killed a catoblepas
  9329 | D:9      | Killed a four-headed hydra
  9341 | D:9      | HP: 2/71 [tengu warrior/+0 dire flail (8)]
  9345 | D:9      | Slain by a tengu warrior

Illustrated notes

Levels and vault maps discovered:
D:1:      heliophobic_arrival_battle_scene, layout_loops_ring
D:2:      layout_basic, basic_altar, shapermc_ecumenical_altar_mp_highgroup,
          minmay_between
D:3:      layout_basic, kennysheep_potato, uniq_natasha, uniq_crazy_yiuf_cottage
D:4:      layout_basic, minmay_temple_entry_statues_fountains, serial_shops,
          shop, grunt_ministairs_4, st_stairs_14, uniq_duvessa, uniq_ijyb
D:5:      minmay_opposing_rooms, layout_cave_pools, mainiacjoe_overflow_paths,
          mainiacjoe_overflow_alcove_1, kennysheep_orc_sif_temple,
          marbit_many_paths, guppyfry_early_lair_pool
D:6:      layout_cave_pools, overflow_temple_1_default
D:7:      layout_loops_ring, grunt_qazlal_sundering,
          nicolae_overflow_crystal_walls
D:8:      lemuel_castle_with_subvaults [lemuel_castle_interior_carwin_3],
          layout_cave_pools, uniq_psyche
D:9:      layout_basic, xom_butterflies, serial_demonic, serial_demonic_g,
          serial_demonic_d, serial_demonic_e, serial_demonic_a, special_room
          [special_room_orc], minivault_28
Temple:   hellmonk_temple_flake

Skill      XL: |  1  2  3  4  5  6  7  8  9 10 11 |
---------------+----------------------------------+-----
Maces & Flails | 3 4 6 7 9 11 12 | 12.5
Shields        | 4 5 6 7 |  7.5
Armour         | 4 5 6 7 8 9 |  9.0
Fighting       | 4 5 6 8 9 |  9.0
Throwing       | 2 |  2.6
Invocations    | 1 |  1.5
Dodging        | 1 |  1.0
Stealth        | |  0.8
Evocations     | |  0.2

Action                     |  1- 3 |  4- 6 |  7- 9 | 10-12 || total
---------------------------+-------+-------+-------+-------++-------
  Melee: Flail             |   129 |   208 |   319 |   490 ||  1146
  Throw: Boomerang         |       |       |    26 |     6 ||    32
         Dart              |       |       |     7 |       ||     7
 Invoke: Divine Shield     |       |       |     2 |     5 ||     7
  Evoke: Wand              |       |       |       |     2 ||     2
    Use: Scroll            |       |    11 |     8 |     2 ||    21
         Potion            |       |       |     2 |     3 ||     5
 Armour: Scale mail        |    64 |       |       |       ||    64
         Plate armour      |    11 |   167 |   185 |   263 ||   626
  Dodge: Dodged            |    64 |    62 |   104 |   177 ||   407
  Block: Buckler           |    38 |    47 |    75 |    53 ||   213
         Kite shield       |       |       |       |   102 ||   102

Table legend: (Time is in decaauts)
 A = Elapsed time spent in this place.
 B = Non-inter-level travel time spent in this place.
 C = Inter-level travel time spent in this place.
 D = Time resting spent in this place.
 E = Time spent auto-exploring this place.
 F = Levels seen in this place.
 G = Mean time per level.
                   A        B        C        D        E       F      G
               +--------+--------+--------+--------+--------+-----+--------+
         Total |   9443 |   9157 |    286 |     64 |   6434 |  10 |  944.3 |
       Dungeon |   9263 |   8989 |    274 |     64 |   6308 |   9 | 1029.2 |
        Temple |    179 |    168 |     11 |      0 |    126 |   1 |  179.0 |
               +--------+--------+--------+--------+--------+-----+--------+

Top non-repeatable levels by time:
     D:7: 1410 daAuts
     D:3: 1216 daAuts
     D:8: 1189 daAuts
     D:9: 1150 daAuts
     D:2: 1017 daAuts
     D:5: 972 daAuts
     D:4: 861 daAuts
     D:1: 855 daAuts
     D:6: 590 daAuts
  Temple: 179 daAuts
